 Dungeon Crawl Stone Soup version 0.26.1-11-gd32895ea62 (webtiles) character file.

Game seed: 14273049618027436702

14 hawla the Conjurer (level 2, -2/22 HPs)
             Began as a Draconian Conjurer on May 13, 2021.
             Slain by a centaur zombie (3 damage)
             ... on level 2 of the Dungeon.
             The game lasted 00:02:15 (711 turns).

hawla the Conjurer (Draconian Conjurer)              Turns: 711, Time: 00:02:17

Health: -2/22      AC:  5    Str:  9    XL:     2   Next: 27%
Magic:  1/5        EV: 12    Int: 18    God:
Gold:   21         SH:  0    Dex:  9    Spells: 2/5 levels left

rFire    + . .     SeeInvis .   a - +0 club
rCold    + . .     Faith    .   (no shield)
rNeg     . . .     Spirit   .   (armour unavailable)
rPois    +         Reflect  .   (helmet restricted)
rElec    +         Harm     .   e - +0 cloak
rCorr    +         Rampage  .   (no gloves)
Will     .....                  (no boots)
Stlth    ++........             (no amulet)
HPRegen  0.07/turn              (no ring)
MPRegen  0.09/turn              (no ring)

@: resistant
A: unfitting armour, cold-blooded, AC +4
a: no special abilities


You were on level 2 of the Dungeon.
You visited 1 branch of the dungeon, and saw 2 of its levels.

You collected 21 gold pieces.

Inventory:

Hand Weapons
 a - a +0 club (weapon)
Armour
 e - a +0 cloak (worn)
Scrolls
 b - a scroll of noise {unknown}
 c - a scroll of identify {unknown}


   Skills:
 + Level 0.6 Fighting
 + Level 1.9 Dodging
 - Level 2.0 Stealth
 + Level 2.1 Spellcasting
 + Level 4.1 Conjurations
 + Level 0.5 Translocations


You had 2 spell levels left.
You knew the following spells:

 Your Spells              Type           Power        Failure   Level
a - Magic Dart            Conj           64%          3%          1
b - Searing Ray           Conj           32%          4%          2

Your spell library contained the following spells:

 Spells                   Type           Power        Failure   Level
 Dazzling Flash           Conj/Hex       18%          22%         3
 Iskenderun's Mystic Bla  Conj/Tloc      10%          56%         4
 Fulminant Prism          Conj/Hex       4%           58%         4


Dungeon Overview and Level Annotations

Branches:
Dungeon (1/15)

Altars:
Gozag


Innate Abilities, Weirdness & Mutations

Your plain brown scales are hard. (AC +4)
You cannot fit into any form of body armour.
You are cold-blooded and may be slowed by cold attacks.


Message History

Press: ? - help, Shift-Dir - straight line, f - centaur zombie
Aim: a centaur zombie (lightly damaged, 0% to evade)
The magic dart hits the centaur zombie.
The centaur zombie is lightly damaged.
The centaur zombie barely misses you.
You hit the centaur zombie but do no damage.
You tail-slap the centaur zombie.
The centaur zombie is moderately damaged.
The centaur zombie misses you. The centaur zombie hits you.
It was a potion of resistance.
You feel protected.
The centaur zombie completely misses you.
A hobgoblin comes into view. It is wielding a +0 club.
The hobgoblin shouts!
You hit the centaur zombie.
The centaur zombie is moderately damaged.
The centaur zombie hits you!
* * * LOW HITPOINT WARNING * * *
The centaur zombie hits you.
You die...

#........
#.....g.##+#######
#......_##.......#
+..........).....+
#.......##.......#
#.......##.......#
#.....Z.##.......#
#...!.@.##.......#
#......)##.......#
#######.##.#######
w..........#
#######.##.#
#.##.# #.##.#
...... #.##.#


You could see a centaur zombie and a hobgoblin.

Vanquished Creatures
  A dart slug (D:1)
  A giant cockroach (D:2)
  5 hobgoblins
  A ball python (D:1)
  A frilled lizard (D:1)
  A kobold (D:1)
  A rat (D:1)
11 creatures vanquished.

Notes
Turn   | Place    | Note
-------+----------+-------------------------------------------
     0 | D:1      | hawla the Draconian Conjurer began the quest for the Orb.
     0 | D:1      | Reached XP level 1. HP: 14/14 MP: 3/3
   499 | D:1      | Reached XP level 2. HP: 22/22 MP: 3/5
   502 | D:1      | Learned a level 2 spell: Searing Ray
   669 | D:1      | You fall into a shaft and drop 1 floor!
   669 | D:2      | Found an opulent altar of Gozag.
   711 | D:2      | HP: 1/22 [centaur zombie (7)]
   711 | D:2      | Slain by a centaur zombie

Illustrated notes

Levels and vault maps discovered:
D:1:      dpeg_arrival_radiant, layout_basic, amcnicky_mini_pool_small
D:2:      layout_basic, marbit_many_paths, overflow_temple_1_default,
          chequers_ecumenical_altar_twisty, uniq_crazy_yiuf_cottage

Skill      XL: |  1  2 |
---------------+-------+-----
Stealth        | 2 |  2.0
Fighting       | |  0.6
Dodging        | |  1.9
Spellcasting   | |  2.1
Conjurations   | |  4.1
Translocations | |  0.5

Action                   || total
-------------------------++-------
Melee: Unarmed           ||     6
       Club              ||     7
       Tailslap          ||     1
 Cast: Magic Dart        ||    15
       Searing Ray       ||     3
  Use: Potion            ||     1
Armor: Skin              ||     3
Dodge: Dodged            ||     9
